AoeStats
← Franz Rupersky

Black Forest

508771361Analyzed
2v2 RM · 10d ago on Sep 24, 2026· 24m 22s· 4 players
Game mode
Random Map
Map size
Medium (4 player)
Population
200
Speed
Normal
Resources
Standard
Victory
Conquest
Starting age
Dark Age
Ending age
Imperial Age
RankedLock teamsTeams togetherTeam positionsShared explorationLock speedFull tech treeHidden civsTurbo modeCheats
Victory
Defeat
🇨🇴 Cumans · Colombia
956
+12
🇨🇴 Vietnamese · Colombia
763
+21
🇪🇨 Slavs · Ecuador
895
-45
🇪🇨 Huns · Ecuador
833
-15
OMAR101226
0:39 Loom
15:41 Feudal Age
16:08 Double-Bit Axe
16:05 Horse Collar
16:42 Fishing Lines
17:00 Man-at-Arms
19:32 Arson
Franz Rupersky
9:23 Loom
11:32 Feudal Age
14:24 Double-Bit Axe
14:20 Horse Collar
15:37 Fletching
17:54 Padded Archer Armor
MateDu05
11:44 Feudal Age
12:53 Fishing Lines
13:26 Double-Bit Axe
18:02 Loom
19:49 Fletching
20:02 Padded Archer Armor
19:58 Town Watch
20:37 Fletching
21:33 Forging
21:40 Scale Barding Armor
IsmaDu305161
17:27 Feudal Age
Connection lost

Rejoining the realm…

Still unreachable

The connection could not be restored.

Session expired

The server has moved on; the page needs a fresh start.